 Dungeon Crawl Stone Soup version 0.32-a0-859-gb0a091d592 (webtiles) character file.

Game seed: 17948222679794190783

1745 KSaturn the Summoner (level 9, 0/61 HPs)
             Began as a Human Summoner on Mar 24, 2024.
             Was a Believer of Sif Muna.
             Slain by a killer bee (6 damage)
             ... on level 7 of the Dungeon on Mar 28, 2024.
             The game lasted 00:41:39 (4103 turns).

KSaturn the Summoner (Human Summoner)               Turns: 4103, Time: 00:41:40

Health: 0/61       AC:  6    Str:  9    XL:     9   Next: 6%
Magic:  0/24       EV: 11    Int: 16    God:    Sif Muna [**....]
Gold:   349        SH:  0    Dex: 14    Spells: 4/16 levels left

rFire   + . .        a - +6 dagger (drain)
rCold   x . .        (no shield)
rNeg    . . .        E - +2 leather armour {Will+}
rPois   +            (no helmet)
rElec   .            z - +0 cloak of the Quahog {Regen+}
rCorr   .            (no gloves)
SInv    .            (no boots)
Will    +....        (no amulet)
Stlth   ++           w - ring "Mymety" {Fire rPois MP+9 Int-3}
HPRegen 1.10/turn    (no ring)
MPRegen 0.19/turn

%: no passive effects
@: attractive, unable to call your familiar
A: explore regen
a: Renounce Religion, Channel Magic


You were on level 7 of the Dungeon.
You worshipped Sif Muna.
Sif Muna was pleased with you.
You visited 2 branches of the dungeon, and saw 9 of its levels.
You also visited: Sewer.

You collected 349 gold pieces.

Inventory:

Hand Weapons
 a - a +6 dagger of draining (weapon)
 b - the +10 whip of Inconvenience {heavy, rPois Will+++ Str+4 Int-5}
   (You found it on level 2 of the Dungeon)

   Str+4:     It affects your strength (+4).
   Int-5:     It affects your intelligence (-5).
   rPois:     It protects you from poison.
   Will+++:   It greatly increases your willpower.
 s - a +1 vampiric dagger
 D - a +1 short sword of venom
 F - a +0 war axe
Missiles
 c - 60 stones
 A - 17 poisoned darts
Armour
 t - a +0 chain mail
 z - the +0 cloak of the Quahog (worn) {Regen+}
   (You found it on level 5 of the Dungeon)

   Regen+:    It increases your rate of health regeneration.
 E - a +2 leather armour of willpower (worn)
Jewellery
 w - the ring "Mymety" (left hand) {Fire rPois MP+9 Int-3}
   (You found it on level 3 of the Dungeon)

   [ring of fire]

   Fire:      It enhances your fire magic.
   Int-3:     It affects your intelligence (-3).
   rF+:       It protects you from fire.
   rC-:       It makes you vulnerable to cold.
   rPois:     It protects you from poison.
   MP+9:      It affects your magic capacity (+9).
Talismans
 C - the blade talisman "Inlymebb" {rElec rCorr}
   (You found it on level 5 of the Dungeon)

   [blade talisman]

   rElec:     It insulates you from electricity.
   rCorr:     It protects you from acid and corrosion.
Wands
 h - a wand of acid (6)
Scrolls
 e - a scroll of enchant weapon {unknown}
 g - 2 scrolls of amnesia {unknown}
 l - 3 scrolls of teleportation {unknown}
 m - 2 scrolls of noise {unknown}
 q - a scroll of fog {unknown}
 r - 4 scrolls of identify
 u - a scroll of enchant armour {unknown}
 v - a scroll of revelation {unknown}
 x - 2 scrolls of fear {unknown}
 y - 2 scrolls of blinking
Potions
 d - a potion of haste {unknown}
 f - 2 potions of berserk rage
 i - 2 potions of brilliance
 j - a potion of might {unknown}
 k - 5 potions of curing
 n - a potion of magic
 p - a potion of degeneration {unknown}
 B - a potion of cancellation {unknown}


   Skills:
 - Level 2.0 Fighting
 - Level 3.0 Dodging
 - Level 2.1 Stealth
 - Level 4.0 Spellcasting
 - Level 9.0 Summonings
 + Level 4.9 Fire Magic
 + Level 3.5 Invocations


You had 4 spell levels left.
You knew the following spells:

 Your Spells              Type           Power      Damage    Failure   Level
a - Summon Small Mammal   Summ           100%       N/A       1%          1
d - Call Canine Familiar  Summ           32%        N/A       1%          3
g - Summon Blazeheart Go  Fire/Summ      38%        N/A       14%         4
s - Call Imp              Summ           64%        N/A       1%          2
x - Scorch                Fire           56%        2d7       4%          2

Your spell library contained the following spells:

 Spells                   Type           Power      Damage    Failure   Level
 Summon Ice Beast         Ice/Summ       17%        N/A       11%         3
 Apportation              Tloc           6%         N/A       24%         1
 Sandblast                Erth           6%         2d5       24%         1
 Slow                     Hex            12%        N/A       24%         1
 Sting                    Conj/Alch      12%        1d3       24%         1
 Jinxbite                 Hex            6%         N/A       34%         2
 Mercury Vapours          Alch/Air       6%         N/A       34%         2
 Sublimation of Blood     Necr           3%         N/A       34%         2
 Summon Lightning Spire   Summ/Air       17%        N/A       36%         4
 Confusing Touch          Hex            3%         N/A       56%         3
 Hailstorm                Conj/Ice       3%         3d5       56%         3
 Stone Arrow              Conj/Erth      6%         3d7       56%         3
 Vampiric Draining        Necr           3%         2d6       56%         3
 Flame Wave               Conj/Fire      16%        2d7       65%         4
 Brom's Barrelling Bould  Conj/Erth      3%         2d3       93%         4
 Olgreb's Toxic Radiance  Alch           3%         N/A       93%         4
 Petrify                  Alch/Erth      3%         N/A       93%         4
 Summon Cactus Giant      Summ           16%        N/A       65%         6
 Summon Hydra             Summ           16%        N/A       99%         7
 Alistair's Intoxication  Alch           2%         N/A       100%        5
 Irradiate                Conj/Alch      1%         3d12      100%        5
 Permafrost Eruption      Ice/Erth       1%         2x4d2     100%        6
 Sculpt Simulacrum        Ice/Alch       1%         N/A       100%        6


Dungeon Overview and Level Annotations

Branches:
Dungeon (8/15)             Temple (1/1) D:5           Sewer (visited)
   Lair: D:8-11

Altars:
Cheibriados
Dithmenos
Elyvilon
Fedhas
Gozag
Hepliaklqana
Kikubaaqudgha
Makhleb
Nemelex Xobeh
Qazlal
Ru
Sif Muna
Trog
Uskayaw
Vehumet
Xom
Zin
The Shining One


Innate Abilities, Weirdness & Mutations

You regain HP and MP as you explore.


Message History

k - 5 potions of curing;
r - 4 scrolls of identify
e - a scroll labelled JUDOFE NOOSS You closely miss the killer bee.
The killer bee is heavily wounded.
The killer bee barely misses you. The killer bee closely misses you.
The shadow imp hits you but does no damage.
The killer bee stings you. The killer bee barely misses you.
You closely miss the killer bee.
The killer bee is heavily wounded.
The killer bee stings you but does no damage.
The killer bee barely misses you.
The shadow imp hits you but does no damage.
The killer bee stings you but does no damage. x2
Casting: Call Canine Familiar (safe; 1% risk of failure)
Confirm with . or Enter, or press ? or * to list all spells.
Okay, then.
You closely miss the killer bee.
The killer bee is moderately wounded.
The killer bee stings you. The killer bee completely misses you.
The shadow imp gestures at you. Pain shoots through your body!
The killer bee stings you but does no damage.
The killer bee barely misses you.
Casting: Call Canine Familiar (safe; 1% risk of failure)
Confirm with . or Enter, or press ? or * to list all spells.
You feel a surge of power!
A fiery spirit appears, bound in slag iron.
The killer bee stings you!
* * * LOW HITPOINT WARNING * * *
The killer bee barely misses you. The shadow imp hits you.
* * * LOW HITPOINT WARNING * * *
The killer bee stings you.
* * * LOW HITPOINT WARNING * * *
The killer bee stings you.
* * * LOW HITPOINT WARNING * * *
It was a potion of attraction.
You feel attractive to monsters.
The killer bee stings you but does no damage.
The killer bee stings you.
You die...

#..........# ###......>.#
.......<...# ##
.#.>.........# .. #..
#=........$## #.. #..
.<........(.# #..## #.#
##....<.......
#...###.#####...........##
#
##.#.....##@5..........#.#
o#
#.......#9yy####.....:##..
≈~ #.)#......###
≈~####.)###†...#...
≈~..##.)#.).........
~.#.).>)))###....###
.##.#)).)## #..###
....#..#.......#
####.....##.#...


You could see 2 killer bees, a shadow imp and a friendly blazeheart golem
(summoned).

Vanquished Creatures
  Eustachio (D:6)
  A sky beast (D:7)
  A black bear (D:3)
  An ogre (D:5)
  A phantom (D:4)
  A brain worm (Sewer)
  2 kobold brigands
  A killer bee (D:7)
  2 iguanas (D:5)
  2 orc wizards
  An adder (D:6)
  A gnoll (D:6)
  2 dart slugs
  A ribbon worm (D:4)
  5 orcs
  7 bats
  An endoplasm (D:2)
  2 giant cockroaches
  3 hobgoblins
  4 kobolds
  A quokka (D:4)
  4 ball pythons
  A goblin (D:3)
  A rat (D:1)
47 creatures vanquished.

Vanquished Creatures (collateral kills)
  2 water moccasins
  An orc warrior (D:7)
  Pargi (Sewer)
  A killer bee (D:7)
  A nameless horror (D:4)
  2 jellies
  A bombardier beetle (D:3)
  A hound (D:5)
  An orc priest (D:7)
  A sleepcap (D:5)
  Ijyb (D:4)
  2 orc wizards
  2 gnolls (D:6)
  6 adders
  A shadow imp (D:6)
  A white imp (D:5)
  3 ribbon worms
  12 orcs
  A ball python (D:1)
  2 endoplasms (D:1)
  A giant cockroach (D:1)
  3 hobgoblins
  2 jackals (D:1)
  7 bats
  A frilled lizard (D:1)
  A goblin (D:4)
  13 kobolds
  3 rats (D:1)
74 creatures vanquished.

Vanquished Creatures (others)
  2 blazeheart cores
2 creatures vanquished.

Grand Total: 123 creatures vanquished

Notes
Turn   | Place    | Note
-------+----------+-------------------------------------------
     0 | D:1      | KSaturn the Human Summoner began the quest for the Orb.
     0 | D:1      | Reached XP level 1. HP: 13/13 MP: 3/3
   140 | D:1      | Reached XP level 2. HP: 17/19 MP: 1/5
   261 | D:1      | Upgraded the game from 0.32-a0-818-gb728d0252e to
                  | 0.32-a0-859-gb0a091d592
   431 | D:1      | Learned a level 2 spell: Call Imp
   487 | D:2      | Reached XP level 3. HP: 10/25 MP: 1/6
   681 | D:2      | Reached skill level 1 in Fighting
   721 | D:2      | Reached XP level 4. HP: 32/32 MP: 3/7
   888 | D:2      | Learned a level 3 spell: Call Canine Familiar
   923 | D:2      | Identified the +10 whip of Inconvenience {heavy, rPois
                  | Will+++ Str+4 Int-5}
  1024 | D:2      | Found a faded altar of an unknown god.
  1045 | D:2      | Found a faded altar of an unknown god.
  1383 | D:3      | Identified the ring "Mymety" {Fire rPois MP+9 Int-3}
  1546 | D:3      | Reached skill level 5 in Summonings
  1546 | D:3      | Reached XP level 5. HP: 38/38 MP: 9/9
  1798 | D:4      | Noticed a black bear
  1811 | D:3      | Killed a black bear
  1812 | D:3      | Reached XP level 6. HP: 23/44 MP: 10/10
  1915 | D:4      | Noticed Ijyb
  1927 | D:4      | Noticed a nameless horror
  1944 | D:4      | Killed Ijyb
  2155 | D:4      | Reached skill level 6 in Summonings
  2205 | D:4      | Killed a nameless horror
  2223 | D:4      | Learned a level 2 spell: Scorch
  2440 | D:4      | Found an ancient bone altar of Kikubaaqudgha.
  2560 | D:5      | Entered Level 5 of the Dungeon
  2568 | D:5      | Learned a level 4 spell: Summon Blazeheart Golem
  2623 | D:5      | Identified the blade talisman "Inlymebb" {rElec rCorr}
  2719 | D:5      | Found a staircase to the Ecumenical Temple.
  2725 | D:5      | Identified the +0 cloak of the Quahog {Regen+}
  2730 | Temple   | Entered the Ecumenical Temple
  2746 | Temple   | Became a worshipper of Sif Muna the Loreminder
  2831 | D:5      | Reached skill level 1 in Fire Magic
  2831 | D:5      | Reached XP level 7. HP: 50/50 MP: 10/12
  2948 | D:5      | Found a radiant altar of Vehumet.
  3411 | D:6      | Noticed Eustachio
  3414 | D:6      | Reached skill level 7 in Summonings
  3442 | D:6      | Killed Eustachio
  3443 | D:6      | Reached XP level 8. HP: 48/56 MP: 10/14
  3496 | D:6      | Found a glowing drain.
  3503 | Sewer    | Entered a sewer
  3515 | Sewer    | Reached * piety under Sif Muna
  3530 | Sewer    | Noticed Pargi
  3563 | Sewer    | Killed Pargi
  3564 | Sewer    | Reached skill level 8 in Summonings
  3995 | D:6      | You fall into a shaft and drop 2 floors!
  3996 | D:8      | Found a shimmering altar of Xom.
  4032 | D:7      | Reached skill level 1 in Invocations
  4035 | D:7      | Found a snail-covered altar of Cheibriados.
  4061 | D:7      | Reached ** piety under Sif Muna
  4067 | D:7      | Reached skill level 9 in Summonings
  4081 | D:7      | Reached XP level 9. HP: 61/61 MP: 2/15
  4103 | D:7      | Slain by a killer bee

Illustrated notes

Levels and vault maps discovered:
D:1:      wander_arrival_peaceful_grave, layout_rooms,
          minmay_misc_feat_secret_circle
D:2:      layout_basic, hellmonk_ecumenical_altar_the_god_not_taken
D:3:      layout_loops_cross, chequers_serial_rivers_room_a
D:4:      layout_gridville, lemuel_tele_altar, uniq_ijyb
D:5:      layout_loops_cross, mainiacjoe_overflow_alcove_1,
          minmay_temple_entry_hall
D:6:      layout_basic, mainiacjoe_sewer_entry_somewhere_in_here_1,
          uniq_eustachio, uniq_edmund
D:7:      layout_rooms, kennysheep_slug_shrine
D:8:      kb_forest_paths, layout_basic, mainiacjoe_overflow_catwalk_spiral,
          minmay_lair_entry_grove
Temple:   eino_temple_water

Skill      XL: |  1  2  3  4  5  6  7  8 |
---------------+-------------------------+-----
Fighting       | 1 2 |  2.0
Summonings     | 5 6 7 9 |  9.0
Dodging        | 3 |  3.0
Spellcasting   | 3 4 |  4.0
Fire Magic     | 1 2 4 |  4.9
Invocations    | 3 |  3.5
Stealth        | |  2.1

Action                     |  1- 3 |  4- 6 |  7- 9 || total
---------------------------+-------+-------+-------++-------
  Melee: Unarmed           |    10 |       |       ||    10
         Short sword       |    27 |       |       ||    27
         Long sword        |     8 |    17 |       ||    25
         Dagger            |       |    17 |    74 ||    91
         Whip              |       |    20 |       ||    20
  Throw: Stone             |     4 |       |       ||     4
   Cast: Summon Small Mamm |    37 |    24 |    25 ||    86
         Call Imp          |     3 |    16 |    13 ||    32
         Call Canine Famil |       |    18 |    11 ||    29
         Scorch            |       |     2 |    14 ||    16
         Summon Blazeheart |       |       |     3 ||     3
    Use: Potion            |     3 |       |     1 ||     4
         Scroll            |       |     2 |     1 ||     3
   Stab: Sleeping          |     2 |     1 |     1 ||     4
         Distracted        |       |     1 |       ||     1
 Armour: Robe              |    31 |    66 |    17 ||   114
         Skin              |     2 |       |       ||     2
         Leather armour    |       |       |    97 ||    97
  Dodge: Dodged            |    52 |    33 |    86 ||   171

Table legend: (Time is in decaauts)
 A = Elapsed time spent in this place.
 B = Non-inter-level travel time spent in this place.
 C = Inter-level travel time spent in this place.
 D = Time resting spent in this place.
 E = Time spent auto-exploring this place.
 F = Levels seen in this place.
 G = Mean time per level.
                   A        B        C        D        E       F      G
               +--------+--------+--------+--------+--------+-----+--------+
         Total |   4125 |   3882 |    243 |    313 |   2101 |  10 |  412.5 |
       Dungeon |   3997 |   3775 |    222 |    313 |   2101 |   8 |  499.6 |
        Temple |     27 |      6 |     21 |      0 |      0 |   1 |   27.0 |
         Sewer |    100 |    100 |      0 |      0 |      0 |   1 |  100.0 |
               +--------+--------+--------+--------+--------+-----+--------+

Top non-repeatable levels by time:
     D:3: 905 daAuts
     D:5: 752 daAuts
     D:2: 648 daAuts
     D:4: 557 daAuts
     D:6: 554 daAuts
     D:1: 469 daAuts
   Sewer: 100 daAuts
     D:7: 84 daAuts
  Temple: 27 daAuts
     D:8: 24 daAuts
